 Dungeon Crawl Stone Soup version 0.31-a0-1355-ga19005b (webtiles) character file.

Game seed: 6542315351958295457

15878 Squiddy the Severer (level 12, 0/106 HPs)
             Began as a Hill Orc Monk on Dec 21, 2023.
             Was a High Priest of Beogh.
             Killed by static electricity
             ... invoked by Gorbash the orc knight
              (6 damage)
             ... on level 2 of the Lair of Beasts on Dec 22, 2023.
             The game lasted 00:45:09 (14738 turns).

Squiddy the Severer (Hill Orc Monk)                Turns: 14738, Time: 00:45:10

Health: 0/106      AC: 24    Str: 19    XL:     12   Next: 31%
Magic:  22/22      EV:  9    Int: 10    God:    Beogh [*****.]
Gold:   704        SH:  0    Dex: 13    Spells: 11/11 levels left

rFire   . . .        Z - +3 war axe (protect)
rCold   . . .        d - orb {light}
rNeg    . . .        J - +3 chain mail
rPois   .            S - +1 hat
rElec   .            i - +0 cloak
rCorr   .            q - +0 pair of gloves
SInv    .            (no boots)
Will    .....        (no amulet) Stlth
                     (no ring)
HPRegen 0.37/turn    (no ring)
MPRegen 0.18/turn

%: no passive effects
@: under a protective aura, glowing
A: walk on water
a: Renounce Religion, Smiting, Recall Orcish Followers, Give Item to Named
Follower


You were on level 2 of the Lair of Beasts.
You worshipped Beogh.
Beogh was extremely pleased with you.
You visited 3 branches of the dungeon, and saw 15 of its levels.
You also visited: Gauntlet.

You collected 856 gold pieces.
You spent 152 gold pieces at shops.

Inventory:

Hand Weapons
 b - a -2 demon whip of venom
 K - a +0 whip of electrocution
 Q - a +1 long sword of distortion
 Z - a +3 war axe of protection (weapon)
Armour
 d - an orb of light (worn)
 i - a +0 cloak (worn)
 q - a +0 pair of gloves (worn)
 z - a +5 ring mail of positive energy
 J - a +3 chain mail (worn)
 R - +0 swamp dragon scales
 S - a +1 hat (worn)
 T - the +1 ring mail of the Iron Devil {Regen+}
   (You found it on level 5 of the Dungeon)

   Regen+:    It increases your rate of health regeneration.
Jewellery
 a - a ring of see invisible
 e - a ring of fire
 f - a ring of resist corrosion
 D - a ring of ice
 M - a ring of magical power
 N - a +4 ring of protection
 W - a ring of flight
Wands
 t - a wand of polymorph (10)
 y - a wand of flame (67)
 F - a wand of mindburst (31)
 U - a wand of light (11)
Scrolls
 g - a scroll of teleportation
 s - 4 scrolls of revelation
 u - 2 scrolls of fear
 w - a scroll of enchant armour
 B - 2 scrolls of amnesia
 I - 2 scrolls of fog
 P - 6 scrolls of blinking
 V - 3 scrolls of identify
Potions
 c - a potion of ambrosia
 h - a potion of might {unknown}
 j - a potion of cancellation
 k - a potion of mutation
 l - 3 potions of magic
 m - 3 potions of heal wounds
 n - 3 potions of brilliance
 o - a potion of haste
 p - a potion of resistance
 x - 2 potions of degeneration
 A - 4 potions of attraction
 C - 2 potions of enlightenment
 E - 5 potions of curing
 H - 2 potions of berserk rage
 O - a potion of lignification
 X - 2 potions of invisibility


   Skills:
 + Level 10.3 Fighting
 - Level 16.0 Axes
 + Level 8.6 Armour
 - Level 2.4 Dodging
 + Level 14.0 Invocations


You had 11 spell levels left.
You didn't know any spells.
Your spell library contained the following spells:

 Spells                   Type           Power      Damage    Failure   Level
 Freeze                   Ice            0%         1d3       94%         1
 Summon Small Mammal      Summ           0%         N/A       94%         1
 Cigotuvi's Dreadful Rot  Necr/Alch/Air  0%         N/A       98%         2
 Ensorcelled Hibernation  Hex/Ice        0%         N/A       98%         2
 Call Canine Familiar     Summ           0%         N/A       100%        3
 Dazzling Flash           Conj/Hex       0%         N/A       100%        3
 Frozen Ramparts          Ice            0%         1d1       100%        3
 Fugue of the Fallen      Necr           0%         N/A       100%        3
 Gell's Gravitas          Tloc           0%         N/A       100%        3
 Hailstorm                Conj/Ice       0%         3d5       100%        3
 Mephitic Cloud           Conj/Alch/Air  0%         N/A       100%        3
 Summon Guardian Golem    Hex/Summ       0%         N/A       100%        3
 Teleport Other           Tloc           0%         N/A       100%        3
 Tukima's Dance           Hex            0%         N/A       100%        3
 Anguish                  Hex/Necr       0%         N/A       100%        4
 Animate Dead             Necr           0%         N/A       100%        4
 Brom's Barrelling Bould  Conj/Erth      0%         2d3       100%        4
 Dispel Undead            Necr           0%         3d6       100%        4
 Passage of Golubria      Tloc           0%         N/A       100%        4
 Agony                    Necr           0%         N/A       100%        5
 Fireball                 Conj/Fire      0%         3d3       100%        5
 Iskenderun's Battlesphe  Conj           0%         2d6       100%        5
 Silence                  Hex/Air        0%         N/A       100%        5
 Yara's Violent Unravell  Hex/Alch       0%         3d3       100%        5
 Conjure Ball Lightning   Conj/Air       0%         3x3d6     100%        6
 Death Channel            Necr           0%         N/A       100%        6
 Dispersal                Tloc           0%         N/A       100%        6
 Haunt                    Necr/Summ      0%         N/A       100%        7
 Orb of Destruction       Conj           0%         9d5       100%        7
 Infestation              Necr           0%         N/A       100%        8
 Chain Lightning          Conj/Air       0%         N/A       100%        9
 Fire Storm               Conj/Fire      0%         5d1       100%        9
 Shatter                  Erth           0%         3d5*      100%        9


Dungeon Overview and Level Annotations

Branches:
Dungeon (12/15)            Temple (1/1) D:4            Lair (2/5) D:8
    Orc (0/2) D:11        Gauntlet (visited)
  Swamp: Lair:2-3    Shoals: Lair:2-3     Snake: Lair:2-3    Spider: Lair:2-3

Altars:
Ashenzari
Cheibriados
Dithmenos
Elyvilon
Fedhas
Gozag
Hepliaklqana
Kikubaaqudgha
Makhleb
Nemelex Xobeh
Okawaru
Qazlal
Ru
Sif Muna
Trog
Uskayaw
Vehumet
Wu Jian
Xom
Yredelemnul
Zin
The Shining One
Beogh

Shops:
D:1 =   D:12 ?

Portals:
Abyss: D:5

Annotations:
D:5 2 transporters, qazz's ghost, novice VSBr
Temple 2 transporters
Lair:1 3 runed translucent doors, yakattack's ghost, journeyman OpEE


Message History

You swap places.
The polar bear bites Gorbash but does no damage.
The polar bear barely misses Gorbash.
The polar bear claws Gorbash but does no damage.
Gorbash hits the polar bear with the +8 arc blade {discharge, rElec}!!
The polar bear dies!
Beogh accepts your kill.
Unknown command.
A komodo dragon is nearby!
You swap places.
Gorbash no longer looks unusually strong.
Things that are here:
a water moccasin corpse; a black mamba corpse You hit the komodo dragon but do no damage.
The komodo dragon bites you but does no damage.
You hit the komodo dragon.
The komodo dragon is lightly wounded.
The komodo dragon bites you!
* * * LOW HITPOINT WARNING * * *
You swap places.
Gorbash hits the komodo dragon with the +8 arc blade {discharge, rElec}!!
The arc blade crackles.
The komodo dragon is struck by an arc of lightning!
Gorbash is struck by an arc of lightning.
Gorbash resists.
The komodo dragon is struck by an arc of lightning!
Gorbash is struck by an arc of lightning.
Gorbash completely resists.
The komodo dragon is struck by an arc of lightning.
Gorbash is struck by an arc of lightning.
Bogmar is struck by an arc of lightning.
Bogmar resists.
You are struck by an arc of lightning.
* * * LOW HITPOINT WARNING * * *
The lightning grounds out.
Bogmar is struck by an arc of lightning!
Bogmar resists.
You are struck by an arc of lightning.
You die...
Beogh appreciates Gorbash's killing of a heretic priest.

### #..###### ### ..#
##..#..## ...##
#.####...#### #....#
#.#....## # .P....###
#....#..####
........#####.##.....#.
#......##...#...#...
#...†..##....#....
#@o.#........##..#
#o#.............##
#l#.†###.......###
..#.## #.......# ..##..
#........ ### ...
...... ..... .P...
.#.... . ### #.


You could see a komodo dragon (ally target), the friendly Bogmar the orc knight
(strong) and the friendly Gorbash the orc knight.

Vanquished Creatures
  A two-headed ogre (D:8)
  2 centaur warriors
  An orange demon (D:11)
  A cane toad (Lair:1)
  An unseen horror (D:11)
  A kobold demonologist (D:10)
  Prince Ribbit (D:6)
  A shadow (D:8)
  2 wraiths
  22 yaks
  5 water moccasins
  2 orc warriors
  2 ice beasts
  A black bear (D:6)
  A centaur (D:10)
  An ogre (D:7)
  A wolf (Lair:2)
  2 kobold brigands
  2 bullfrogs
  A gnoll sergeant (D:11)
  A scorpion (D:4)
  7 killer bees
  3 howler monkeys
  A jelly (D:6)
  4 orc priests
  A gnoll bouda (D:8)
  Crazy Yiuf (D:7)
  Ijyb (D:3)
  9 gnolls
  6 adders
  A shadow imp (D:7)
  A white imp (D:8)
  2 worms
  2 dart slugs
  2 orcs
  8 endoplasms
  A giant cockroach (D:3)
  14 goblins
  6 hobgoblins
  A jackal (D:4)
  4 quokkas
  2 ball pythons (D:1)
  6 bats
  4 frilled lizards
  19 kobolds
  6 rats
164 creatures vanquished.

Vanquished Creatures (collateral kills)
  Gastronok (Lair:1)
  Snorg (D:10)
  A boulder beetle (D:11)
  Amaemon (D:11)
  Pikel (D:5)
  A black mamba (Lair:2)
  5 elephants (Lair:2)
  Joseph (Lair:1)
  A cane toad (Lair:1)
  A gargoyle (D:11)
  Maggie (D:6)
  Psyche (D:8)
  4 komodo dragons
  An orc warrior (Lair:1)
  A polar bear (Lair:2)
  4 blink frogs (Lair:1)
  Sigmund (D:5)
  3 wyverns
  A wraith (D:8)
  A basilisk (Lair:1)
  10 yaks
  Edmund (D:5)
  A black bear (Lair:1)
  A sky beast (D:8)
  A centaur (D:9)
  An ogre (D:6)
  A lemure (D:5)
  3 kobold brigands
  2 bullfrogs
  A scorpion (D:6)
  5 killer bees
  A howler monkey (D:4)
  A hound (D:5)
  2 orc priests
  4 iguanas (D:6)
  3 orc wizards
  5 gnolls
  2 adders
  16 orcs
  A ball python (D:4)
  A giant cockroach (D:4)
  2 goblins
  4 hobgoblins
  2 jackals (D:4)
  2 frilled lizards (D:3)
  7 kobolds
112 creatures vanquished.

Vanquished Creatures (others)
  An orc knight (D:8)
  An orc wizard (D:9)
  4 orc warriors (D:8)
  An orc priest (D:8)
  14 orcs
21 creatures vanquished.

Grand Total: 297 creatures vanquished

Notes
Turn   | Place    | Note
-------+----------+-------------------------------------------
     0 | D:1      | Squiddy the Hill Orc Monk began the quest for the Orb.
     0 | D:1      | Reached XP level 1. HP: 19/19 MP: 1/1
   116 | D:1      | Found a faded altar of an unknown god.
   123 | D:1      | Prayed at the altar of an unknown god.
   123 | D:1      | Became a worshipper of Beogh the Brigand
   123 | D:1      | Reached * piety under Beogh
   123 | D:1      | Reached ** piety under Beogh
   200 | D:1      | Reached skill level 1 in Invocations
   200 | D:1      | Reached XP level 2. HP: 7/26 MP: 2/2
   344 | D:1      | Reached skill level 5 in Axes
   596 | D:1      | Reached *** piety under Beogh
   597 | D:1      | Reached XP level 3. HP: 31/31 MP: 4/4
   618 | D:1      | Found Buckid's Jewellery Shop.
  2005 | D:2      | Reached XP level 4. HP: 30/39 MP: 5/5
  2031 | D:2      | Reached skill level 6 in Axes
  2855 | D:3      | Reached XP level 5. HP: 45/45 MP: 7/7
  2954 | D:3      | Found a shimmering blue altar of Sif Muna.
  3062 | D:3      | Noticed Ijyb
  3079 | D:3      | Killed Ijyb
  3258 | D:5      | Entered Level 5 of the Dungeon
  3287 | D:4      | Found a staircase to the Ecumenical Temple.
  3294 | Temple   | Found a transporter.
  3294 | Temple   | Found a transporter.
  3294 | Temple   | Found a transporter.
  3294 | Temple   | Found a transporter.
  3294 | Temple   | Entered the Ecumenical Temple
  3407 | D:4      | Reached skill level 7 in Axes
  3613 | D:4      | Reached XP level 6. HP: 51/51 MP: 7/9
  3846 | D:5      | Noticed Sigmund
  3857 | D:5      | Killed Sigmund
  3858 | D:5      | Reached skill level 8 in Axes
  3959 | D:4      | Found a white marble altar of Elyvilon.
  3959 | D:4      | Found a radiant altar of Vehumet.
  4129 | D:5      | Found a transporter.
  4158 | D:5      | Found a one-way gate to the infinite horrors of the Abyss.
  4158 | D:5      | Noticed qazz's ghost (novice VSBr)
  4166 | D:5      | Found a transporter.
  4182 | D:5      | Noticed a small abomination
  4211 | D:5      | Noticed a small abomination
  4223 | D:5      | Identified the +1 ring mail of the Iron Devil {Regen+}
  4238 | D:5      | Noticed Edmund
  4240 | D:5      | Noticed Pikel
  4250 | D:5      | Killed Edmund
  4250 | D:5      | Reached **** piety under Beogh
  4251 | D:5      | Reached skill level 5 in Invocations
  4251 | D:5      | Reached XP level 7. HP: 35/57 MP: 10/10
  4257 | D:5      | Killed Pikel
  4258 | D:5      | Reached skill level 10 in Axes
  4686 | D:5      | Reached XP level 8. HP: 63/64 MP: 12/12
  4843 | D:5      | Gained Orik as an ally
  5094 | D:6      | Noticed Maggie
  5100 | D:6      | Killed Maggie
  5133 | D:6      | Reached skill level 11 in Axes
  5163 | D:6      | Found the +8 arc blade {discharge, rElec}
  5562 | D:6      | Noticed Prince Ribbit
  5572 | D:6      | Killed Prince Ribbit
  5573 | D:6      | Reached skill level 12 in Axes
  5743 | D:6      | Gained Bladwarg as an ally
  6030 | D:7      | Reached XP level 9. HP: 70/70 MP: 13/15
  6546 | D:7      | Reached skill level 13 in Axes
  6555 | D:7      | Identified the +6 quarterstaff "Qefut" {freeze, rElec
                  | Will+}
  6762 | D:7      | Found a runed translucent door.
  6764 | D:7      | Noticed Crazy Yiuf
  6770 | D:7      | Killed Crazy Yiuf
  6773 | D:7      | Identified the +11 hammer of Bloodstone {heavy, Int+4
                  | Dex+3}
  7411 | D:8      | Noticed Psyche
  7426 | D:8      | Killed Psyche
  7431 | D:8      | Your ally Orik died
  7469 | D:8      | Found a staircase to the Lair.
  7507 | D:8      | Reached skill level 14 in Axes
  7555 | D:8      | Reached ***** piety under Beogh
  7574 | D:8      | Reached skill level 10 in Invocations
  7575 | D:8      | Noticed a centaur warrior
  7585 | D:8      | Your ally Bladwarg died
  7590 | D:8      | Killed a centaur warrior
  7591 | D:8      | Reached skill level 15 in Axes
  7591 | D:8      | Reached XP level 10. HP: 25/77 MP: 17/17
  7805 | D:8      | Reached skill level 16 in Axes
  7810 | D:8      | Noticed a two-headed ogre
  7818 | D:8      | Killed a two-headed ogre
  7818 | D:8      | Gained Blodwig as an ally
  7819 | D:8      | Reached skill level 1 in Armour
  7821 | D:8      | HP: 4/80 [killer bee (3)]
  9071 | Lair:1   | Entered Level 1 of the Lair of Beasts
  9071 | Lair:1   | Noticed a cane toad
  9071 | Lair:1   | Found a gate leading to a gauntlet.
  9079 | Lair:1   | Killed a cane toad
  9080 | Lair:1   | Reached skill level 5 in Fighting
  9125 | Gauntlet | Entered a Gauntlet
  9125 | Gauntlet | Found a transporter.
  9287 | Gauntlet | Found a transporter.
  9289 | Gauntlet | Found a transporter.
  9293 | Gauntlet | Found a runed translucent door.
  9293 | Gauntlet | Found a runed translucent door.
  9294 | Gauntlet | Noticed a rust devil
  9308 | Gauntlet | Found a transporter.
  9311 | Gauntlet | Found a transporter.
  9317 | Gauntlet | Found the brooch of Shielding {Spirit SH+8}
  9329 | Gauntlet | Found a transporter.
  9336 | Gauntlet | Found a transporter.
  9347 | Gauntlet | Found a transporter.
  9347 | Gauntlet | Noticed a green death
  9355 | Gauntlet | Noticed a large abomination
  9358 | Gauntlet | Noticed a large abomination
  9360 | Gauntlet | Found a transporter.
  9374 | Gauntlet | Found a transporter.
  9387 | Gauntlet | Found a transporter.
  9387 | Gauntlet | Found a transporter.
  9430 | Gauntlet | Found a transporter.
  9667 | D:9      | Your ally Blodwig died
  9667 | D:9      | Gained Gorbash as an ally
  9916 | D:9      | Upgraded the game from 0.31-a0-1343-gcd514f4 to
                  | 0.31-a0-1355-ga19005b
  9939 | D:10     | Entered Level 10 of the Dungeon
 10453 | D:10     | Reached XP level 11. HP: 63/91 MP: 19/19
 10690 | D:10     | Reached skill level 5 in Armour
 11078 | D:10     | Noticed Snorg
 11088 | D:10     | Killed Snorg
 11700 | D:11     | Found a staircase to the Orcish Mines.
 12195 | D:11     | Noticed a centaur warrior
 12203 | D:11     | Killed a centaur warrior
 12379 | D:11     | Noticed a boulder beetle
 12391 | D:11     | Killed a boulder beetle
 12837 | D:11     | Noticed Amaemon
 12847 | D:11     | Killed Amaemon
 13393 | D:12     | Found Matteamm's Magic Scroll Shop.
 13401 | D:12     | Bought a scroll of brand weapon for 152 gold pieces
 13794 | Lair:1   | Noticed yakattack's ghost (journeyman OpEE)
 13799 | Lair:1   | Noticed a minotaur
 13830 | Lair:1   | Found a runed translucent gate.
 13830 | Lair:1   | Found a runed translucent gate.
 14030 | Lair:1   | Found a runed translucent gate.
 14045 | Lair:1   | Noticed Gastronok
 14050 | Lair:1   | Noticed Joseph
 14056 | Lair:1   | Killed Gastronok
 14057 | Lair:1   | Reached XP level 12. HP: 63/105 MP: 20/22
 14061 | Lair:1   | Killed Joseph
 14456 | Lair:2   | Gained Bogmar as an ally
 14467 | Lair:2   | Reached skill level 10 in Fighting
 14738 | Lair:2   | Killed from afar by Gorbash the orc knight

Illustrated notes

Levels and vault maps discovered:
D:1:      minmay_arrival_four_circles, layout_basic,
          dilly_ecumenical_altar_fadedgnrine, serial_shops,
          nicolae_shop_hallway_plus
D:2:      layout_rooms
D:3:      layout_loops_ring, led_sif_book,
          nicolae_concentric_dashed_squares_wild, uniq_ijyb
D:4:      layout_loops_ring, gammafunk_temple_overflow_pools,
          minmay_temple_entry_sparse_star
D:5:      layout_loops_corners, gammafunk_ghost_abyssal_escape, uniq_pikel,
          uniq_sigmund, uniq_edmund
D:6:      corexii_shantytown, layout_cave_pools, grunt_ministairs_10,
          uniq_maggie, uniq_prince_ribbit1
D:7:      layout_loops_corners, corexii_hall_statues_x, minmay_misc_feat_chi,
          hangedman_abyss_or_decor_jellyfish_corner, uniq_crazy_yiuf_cottage
D:8:      minmay_ornate_pinched, layout_loops_ring, uniq_psyche
D:9:      layout_roguey
D:10:     layout_roguey, uniq_snorg
D:11:     layout_loops_corners, orc_0_dummy, uniq_amaemon
D:12:     layout_roguey, serial_shops, nicolae_shop_crystal, minmay_checkerbox
Temple:   hellmonk_temple_divided_pantheon
Lair:1:   layout_cave_shapes, maelrawn_ghost_gauntlet_escape,
          gauntlet_entry_generic, uniq_gastronok, uniq_joseph
Lair:2:   layout_layer_cave, beast_lair_carwin_6, infiniplex_staircase_pool

Skill      XL: |  1  2  3  4  5  6  7  8  9 10 11 12 |
---------------+-------------------------------------+-----
Invocations    | 1 2 3 4 5 6 8 10 11 13 14 | 14.0
Axes           | 5 6 7 8 10 12 15 16 | 16.0
Fighting       | 6 9 10 | 10.3
Armour         | 4 7 8 |  8.6
Dodging        | |  2.4

Action                     |  1- 3 |  4- 6 |  7- 9 | 10-12 || total
---------------------------+-------+-------+-------+-------++-------
  Melee: Hand axe          |   106 |   127 |     6 |       ||   239
         War axe           |       |       |   144 |   267 ||   411
 Invoke: Smiting           |       |     1 |       |     5 ||     6
         Recall Orcish Fol |       |       |     4 |     3 ||     7
         Give Item to Name |       |       |       |     3 ||     3
    Use: Scroll            |     7 |       |       |    16 ||    23
         Potion            |       |       |     3 |     1 ||     4
   Stab: Confused          |       |       |     1 |       ||     1
         Distracted        |       |       |     3 |     2 ||     5
 Armour: Robe              |    57 |       |       |       ||    57
         Scale mail        |       |    46 |       |       ||    46
         Ring mail         |       |    28 |    80 |   168 ||   276
         Skin              |       |       |     3 |       ||     3
         Chain mail        |       |       |       |    64 ||    64
  Dodge: Dodged            |    75 |    47 |    78 |   128 ||   328

Table legend: (Time is in decaauts)
 A = Elapsed time spent in this place.
 B = Non-inter-level travel time spent in this place.
 C = Inter-level travel time spent in this place.
 D = Time resting spent in this place.
 E = Time spent auto-exploring this place.
 F = Levels seen in this place.
 G = Mean time per level.
                   A        B        C        D        E       F      G
               +--------+--------+--------+--------+--------+-----+--------+
         Total |  14651 |  13780 |    871 |   4052 |   7086 |  16 |  915.7 |
       Dungeon |  13277 |  12408 |    869 |   3621 |   6535 |  12 | 1106.4 |
        Temple |      4 |      4 |      0 |      0 |      0 |   1 |    4.0 |
          Lair |   1007 |   1006 |      1 |    276 |    435 |   2 |  503.5 |
      Gauntlet |    362 |    362 |      0 |    155 |    116 |   1 |  362.0 |
               +--------+--------+--------+--------+--------+-----+--------+

Top non-repeatable levels by time:
     D:8: 1797 daAuts
    D:11: 1629 daAuts
     D:1: 1626 daAuts
     D:7: 1374 daAuts
    D:10: 1330 daAuts
     D:5: 1064 daAuts
     D:3: 1060 daAuts
     D:6: 1055 daAuts
     D:9: 845 daAuts
     D:4: 764 daAuts
  Lair:1: 720 daAuts
     D:2: 623 daAuts
Gauntlet: 362 daAuts
  Lair:2: 286 daAuts
    D:12: 104 daAuts
